 Dungeon Crawl Stone Soup version 0.23.2-40-g277498a001 (webtiles) character file.

Game seed: 15418338955011862331

396 Martska the Ducker (level 6, 0/47 HPs)
             Began as a Merfolk Ice Elementalist on Oct 1, 2019.
             Slain by a centaur (5 damage)
             ... on level 5 of the Dungeon.
             The game lasted 00:19:26 (6000 turns).

Martska the Ducker (Merfolk Ice Elementalist)       Turns: 6000, Time: 00:19:27

Health: 0/47       AC:  3    Str:  8    XL:     6   Next: 82%
Magic:  0/10       EV: 14    Int: 14    God:
Gold:   305        SH:  0    Dex: 17    Spells: 0/10 levels left

rFire    + . .     SeeInvis .   o - +1 spear (flame)
rCold    x . .     Gourm    .   (no shield)
rNeg     . . .     Faith    .   g - +0 leather armour
rPois    .         Spirit   +   (no helmet)
rElec    .         Reflect  .   (no cloak)
rCorr    .         Harm     .   (no gloves)
MR       .....                  (no boots)
Stlth    ++........             t - amulet of guardian spirit
HPRegen  0.15/turn              i - ring of fire
MPRegen  0.12/turn              (no ring)

@: no status effects
A: change form in water, swift swim, stealthy swim
a: no special abilities


You were on level 5 of the Dungeon.
You were near starving.

You visited 1 branch of the dungeon, and saw 5 of its levels.

You collected 305 gold pieces.

Inventory:

Hand Weapons
 b - a +0 dagger
 e - a +0 spear
 o - a +1 spear of flaming (weapon)
 s - a +2 quarterstaff of chaos
Armour
 a - a +0 robe
 g - a +0 leather armour (worn)
Jewellery
 i - a ring of fire (left hand)
 t - an amulet of guardian spirit (around neck)
Wands
 q - a wand of iceblast (6)
Scrolls
 c - 3 scrolls of identify {unknown}
 h - 2 scrolls of enchant armour {unknown}
 k - a scroll of teleportation {unknown}
Potions
 f - a potion of agility {unknown}
 j - a potion of resistance {unknown}
 l - 2 potions of degeneration {unknown}
 m - a potion of magic {unknown}
 n - a potion of flight {unknown}
 r - a potion of invisibility {unknown}


   Skills:
 * Level 3.3 Fighting
 * Level 4.0 Polearms
 * Level 5.0 Dodging
 - Level 3.2 Stealth
 + Level 2.8 Spellcasting
 - Level 0.7 Conjurations
 + Level 0.6 Charms
 + Level 4.1 Ice Magic


You couldn't memorise any spells.
You knew the following spells:

 Your Spells              Type           Power        Failure   Level  Hunger
a - Freeze                Ice            ##..         6%          1    #......
b - Throw Frost           Conj/Ice       #.....       19%         2    ###....
c - Ozocubu's Armour      Chrm/Ice       #.......     36%         3    ###....
d - Summon Ice Beast      Ice/Summ       #.......     80%         4    #####..

Your spell library contained the following spells:

 Spells                   Type           Power        Failure   Level  Hunger
 Throw Icicle             Conj/Ice       #.......     75%         4    #####..


Dungeon Overview and Level Annotations

Branches:
Dungeon (5/15)
 Temple: D:4-7

Altars:
Hepliaklqana
Qazlal
Xom

Annotations:
D:3 Sigmund


Message History

You see here an adder corpse.
You feel better. The centaur completely misses you.
The centaur barely misses you. The centaur closely misses you.
Found a scroll labeled IDWUMO LEOBAE.
The centaur closely misses you. The centaur hits you.
* * * LOW HITPOINT WARNING * * *
The centaur hits you but does no damage.
The centaur hits you!
* * * LOW HITPOINT WARNING * * *
The centaur barely misses you.
Found a metallic silvery potion.
An orc comes into view. It is wielding a -2 dagger.
The centaur closely misses you. The centaur hits you.
* * * LOW HITPOINT WARNING * * *
The centaur completely misses you. The centaur hits you!
You die...

.....#####
........
....... .....
.... ..# #
#.## .#
###@.##.#
#.c.....#
#s##.o#####.#
#..s......!..
#####..####.
##. #.......#
. ...#
#.......# #
..# #.......#
# ..#
####..###


You could see a centaur, an orc and a giant cockroach.

Vanquished Creatures
  A hound (D:4)
  Crazy Yiuf (D:4)
  An orc priest (D:4)
  An orc wizard (D:4)
  Terence (D:3)
  Robin (D:3)
  A howler monkey skeleton (D:4)
  8 adders
  5 gnolls
  A shadow imp (D:5)
  2 worms (D:2)
  2 dart slugs
  3 leopard geckos
  6 orcs
  3 bats
  3 giant cockroaches
  6 hobgoblins
  5 jackals
  A quokka (D:4)
  A ball python (D:3)
  5 frilled lizards
  18 goblins
  7 kobolds
  A leopard gecko skeleton (D:4)
  7 rats
91 creatures vanquished.

Vanquished Creatures (collateral kills)
  A worm (D:4)
1 creature vanquished.

Grand Total: 92 creatures vanquished

Notes
Turn   | Place    | Note
-------+----------+-------------------------------------------
     0 | D:1      | Martska the Merfolk Ice Elementalist began the quest for
                  | the Orb.
     0 | D:1      | Reached XP level 1. HP: 13/13 MP: 3/3
   169 | D:1      | Reached skill level 3 in Dodging
   169 | D:1      | Reached XP level 2. HP: 16/20 MP: 5/5
   186 | D:1      | Reached skill level 1 in Fighting
   545 | D:1      | Reached XP level 3. HP: 22/26 MP: 6/6
  1008 | D:2      | Reached skill level 1 in Polearms
  1038 | D:2      | Learned a level 2 spell: Throw Frost
  1042 | D:2      | Learned a level 3 spell: Ozocubu's Armour
  1628 | D:2      | Found a shimmering altar of Xom.
  1629 | D:2      | Found a hazy altar of Hepliaklqana.
  1629 | D:2      | Noticed a bullfrog
  1630 | D:2      | Noticed a spectral ugly thing
  1630 | D:2      | Noticed a bullfrog
  1684 | D:2      | Reached XP level 4. HP: 28/33 MP: 0/7
  1835 | D:2      | Found a stormy altar of Qazlal.
  2339 | D:3      | Reached skill level 4 in Dodging
  2346 | D:3      | Reached XP level 5. HP: 30/38 MP: 0/8
  2547 | D:3      | Noticed Terence
  2568 | D:3      | Killed Terence
  2695 | D:3      | Noticed Sigmund
  3781 | D:3      | Noticed Robin
  3819 | D:3      | Killed Robin
  3836 | D:3      | Reached XP level 6. HP: 41/46 MP: 2/9
  4045 | D:3      | Learned a level 4 spell: Summon Ice Beast
  4878 | D:4      | Found a runed translucent door.
  4879 | D:4      | Noticed Crazy Yiuf
  4889 | D:4      | Killed Crazy Yiuf
  5895 | D:5      | Entered Level 5 of the Dungeon
  5895 | D:5      | Noticed a sky beast
  5977 | D:5      | Reached skill level 5 in Dodging
  5978 | D:5      | HP: 2/47 [poisoned by an adder]
  6000 | D:5      | Slain by a centaur

Skill      XL: |  1  2  3  4  5  6 |
---------------+-------------------+-----
Dodging        | 3 4 5 |  5.0
Fighting       | 1 2 3 |  3.3
Polearms       | 1 2 3 4 |  4.0
Stealth        | 3 |  3.2
Ice Magic      | 4 |  4.1
Spellcasting   | |  2.8
Conjurations   | |  0.7
Charms         | |  0.6

Action                   |  1- 3 |  4- 6 || total
-------------------------+-------+-------++-------
Melee: Dagger            |    13 |       ||    13
       Spear             |    92 |   190 ||   282
       Tailslap          |       |     4 ||     4
 Cast: Freeze            |    20 |    42 ||    62
       Throw Frost       |     4 |    20 ||    24
       Summon Ice Beast  |       |     1 ||     1
  Use: Potion            |       |     5 ||     5
 Stab: Sleeping          |     2 |       ||     2
  Eat: Ration            |     2 |     3 ||     5
Armor: Robe              |     5 |       ||     5
       Leather armour    |    28 |    36 ||    64
Dodge: Dodged            |    88 |   170 ||   258
